 Dungeon Crawl Stone Soup version 0.27-a0-1144-g0b7d3b79db (webtiles) character file.

Game seed: 13550185909166401371

2025 freelancePsychic the Grappler (level 9, -15/76 HPs)
             Began as a Troll Hunter on May 11, 2021.
             Was an Initiate of Gozag.
             Demolished by a gnoll sergeant
             ... wielding the +6 trident "Killer Klown's Curse" {venom, rCorr Str+4}
              (19 damage)
             ... on level 5 of the Dungeon.
             The game lasted 00:09:42 (4762 turns).

freelancePsychic the Grappler (Troll Hunter)        Turns: 4762, Time: 00:09:43

Health: -15/76     AC:  6    Str: 22    XL:     9   Next: 3%
Magic:  8/8        EV: 10    Int: 10    God:    Gozag
Gold:   532        SH:  5    Dex: 10    Spells: 8/8 levels left

rFire    . . .     SeeInvis .     - Unarmed
rCold    . . .     Faith    .   (no shield)
rNeg     . . .     Spirit   .   b - +0 robe
rPois    .         Reflect  +   (helmet restricted)
rElec    .         Harm     .   s - +1 cloak
rCorr    .         Rampage  .   (gloves unavailable)
Will     .....                  (boots unavailable)
Stlth    ++........             v - amulet of reflection
HPRegen  1.22/turn              o - +4 ring of slaying
MPRegen  0.11/turn              (no ring)

@: lethally poisoned (-15 -> -16), gold aura, on berserk cooldown, slowed,
studying Long Blades, very slow
A: large, unfitting armour, claws 3, regeneration 1, shaggy fur 1, tough skin 1
a: Renounce Religion, Potion Petition, Call Merchant, Bribe Branch


You were on level 5 of the Dungeon.
You worshipped Gozag.
Gozag was pleased with you.
You visited 1 branch of the dungeon, and saw 5 of its levels.

You collected 923 gold pieces.
You paid 391 gold pieces to Gozag.

Inventory:

Missiles
 c - 4 large rocks (quivered)
 d - 3 throwing nets
 t - 6 atropa-tipped darts
Armour
 b - a +0 robe (worn)
 s - a +1 cloak (worn)
Jewellery
 k - a ring of wizardry
 o - a +4 ring of slaying (left claw)
 v - an amulet of reflection (around neck)
 y - a ring of fire
 A - a ring of ice
Wands
 q - a wand of mindburst (18)
Scrolls
 a - a scroll of magic mapping
 g - a scroll of vulnerability {unknown}
 j - a scroll of fog
 l - 2 scrolls of enchant weapon
 m - 2 scrolls of identify {@r1}
 n - 3 scrolls of enchant armour
 r - a scroll of fear {unknown}
 w - 2 scrolls of noise
 z - 2 scrolls of teleportation {@r4}
Potions
 e - 2 potions of brilliance {unknown}
 f - 2 potions of heal wounds {unknown}
 h - 2 potions of attraction {unknown}
 i - 2 potions of mutation {unknown}
 p - 2 potions of flight {unknown}
 u - a potion of lignification {unknown}
 x - a potion of degeneration {unknown}
 B - 2 potions of curing {unknown}


   Skills:
 - Level 1.5 Fighting
 + Level 6.9 Throwing
 - Level 2.9 Dodging
 - Level 1.7 Stealth
 * Level 9.0 Unarmed Combat


You had 8 spell levels left.
You didn't know any spells.
Your spell library contained the following spells:

 Spells                   Type           Power      Damage    Failure   Level
 Freeze                   Ice            0%         1d3       36%         1
 Frozen Ramparts          Ice            0%         1d2       75%         3
 Ozocubu's Armour         Ice            0%         N/A       75%         3
 Hailstorm                Conj/Ice       0%         3d3       98%         4
 Metabolic Englaciation   Hex/Ice        0%         N/A       100%        5


Dungeon Overview and Level Annotations

Branches:
Dungeon (5/15)             Temple (0/1) D:4

Altars:
Cheibriados
Gozag
Nemelex Xobeh
Sif Muna
Trog

Annotations:
D:4 2 transporters, krigyl's ghost, novice DEIE
D:5 1 transporter, hgbash's ghost, amateur GrEE


Innate Abilities, Weirdness & Mutations

You are too large for most types of armour.
You have claws for hands.
Your natural rate of healing is unusually fast.
You are covered in fur. (AC +1)
You have tough skin. (AC +1)


Message History

You claw the gnoll sergeant!
The gnoll sergeant is heavily wounded.
You mangle the gnoll sergeant!!
You kill the gnoll sergeant!
You feel sick.
Your Unarmed Combat skill increases to level 9!
You have reached level 9!
Your experience leads to an increase in your attributes!
Increase (S)trength, (I)ntelligence, or (D)exterity?
You feel clever.
You feel stronger.
You mangle the gnoll!!
You kill the gnoll!
You feel sick.
Things that are here:
5 gold pieces; a +1 vampiric spear; a +0 scale mail You feel a strong urge to attack something.
You are no longer berserk.
You are exhausted.
You feel yourself slow down.
You feel sick.
Hgbash's ghost becomes distracted by the nearby gold, dreaming of imaginary riches.
Found a manual of Transmutations.
You scratch the gnoll sergeant but do no damage.
You feel sick.
You are no longer poisoned.
The gnoll sergeant hits you with the +6 trident "Killer Klown's Curse" {venom, rCorr Str+4}!
* * * LOW HITPOINT WARNING * * *
You are poisoned.
The gnoll becomes distracted by the nearby gold, dreaming of imaginary riches.
The gnoll sergeant closely misses you.
The gnoll shouts!
You scratch the gnoll sergeant but do no damage.
You feel sick.
Hgbash's ghost is no longer distracted by gold.
The gnoll is no longer distracted by gold.
You block the gnoll's attack.
The gnoll becomes distracted by the nearby gold, dreaming of imaginary riches. x2
The gnoll sergeant hits you with the +6 trident "Killer Klown's Curse" {venom, rCorr Str+4}!!
You die...
Your body crumbles into a pile of gold.

.##§§§§≈.#.≈≈###.##'##.###≈≈.#
.##§.§§≈.#.≈≈..#.#...#.#..≈≈.#
.##.§§§≈P..≈≈.##g#⌠.⌠#.##.≈≈.#
.##§§≈.....≈≈.#©.#...#..#.≈≈.#
..§..##.#..≈≈.##g##$##.##.≈≈.#
..#.###........#$#...#.#..≈≈.#
#....####.....©#W$.©.'.#©.≈≈)#
.[.............#$#8⌠8#.#..≈≈.#
#####......≈≈.##@#####.##.≈≈.#
#......≈≈.#.g#.:.#..#.≈≈.#
#......≈≈.##g#?..#.##.≈≈.#
#####..≈≈..#.#$$.#.#..≈≈.#
#..≈≈###.##'##.###≈≈.#
#..≈≈#...g.......#≈≈.#
#..≈≈##.###.###g##≈≈[#
#..≈≈#..#8###8#gg#≈≈.#
#..≈≈####.....####≈≈.#


You could see a gnoll sergeant, a gnoll shaman, hgbash's ghost and 3 gnolls.

Vanquished Creatures
  Grinder (D:5)
  A black bear (D:5)
  An orc warrior (D:4)
  A hornet zombie (D:5)
  2 ice beasts (D:5)
  A necrophage (D:4)
  3 ogres
  2 gnoll sergeants (D:5)
  A water moccasin skeleton (D:5)
  4 centaur zombies (D:5)
  5 bullfrog zombies (D:5)
  A centaur skeleton (D:5)
  An orc priest (D:5)
  2 hounds
  2 bullfrog skeletons (D:5)
  3 iguanas
  3 orc wizards
  A scorpion zombie (D:5)
  A hound zombie (D:5)
  3 hound skeletons
  A howler monkey zombie (D:5)
  5 adders
  2 gnolls (D:5)
  A howler monkey skeleton (D:5)
  A shadow imp (D:5)
  A worm (D:5)
  5 dart slugs
  6 orcs
  6 endoplasms
  2 giant cockroaches (D:2)
  13 goblins
  5 hobgoblins
  9 jackals
  6 quokkas
  8 ball pythons
  5 bats
  2 frilled lizards
  8 kobolds
  3 rats
128 creatures vanquished.

Vanquished Creatures (others)
  6 plants (D:5)
  2 withered plants (D:5)
8 creatures vanquished.

Grand Total: 136 creatures vanquished

Notes
Turn   | Place    | Note
-------+----------+-------------------------------------------
     0 | D:1      | freelancePsychic the Troll Hunter began the quest for the
                  | Orb.
     0 | D:1      | Reached XP level 1. HP: 19/19 MP: 0/0
   136 | D:1      | Reached XP level 2. HP: 25/27 MP: 1/1
   139 | D:1      | Reached skill level 1 in Unarmed Combat
   845 | D:2      | Found an opulent altar of Gozag.
   853 | D:2      | Became a worshipper of Gozag Ym Sagoz the Greedy
   950 | D:2      | Reached XP level 3. HP: 33/33 MP: 2/2
  1177 | D:2      | Reached skill level 2 in Unarmed Combat
  1430 | D:2      | Reached skill level 1 in Stealth
  1526 | D:2      | Reached XP level 4. HP: 26/41 MP: 3/3
  2063 | D:3      | Found a faded altar of an unknown god.
  2334 | D:3      | Found a snail-covered altar of Cheibriados.
  2661 | D:4      | Found a transporter.
  2661 | D:4      | Noticed krigyl's ghost (novice DEIE)
  2678 | D:4      | Found a transporter.
  2787 | D:4      | Reached XP level 5. HP: 46/48 MP: 4/4
  2791 | D:4      | Reached skill level 3 in Unarmed Combat
  2818 | D:4      | Found a staircase to the Ecumenical Temple.
  2823 | D:4      | Noticed an ogre
  2823 | D:4      | Noticed a necrophage
  2837 | D:4      | Killed a necrophage
  2856 | D:4      | Killed an ogre
  2857 | D:4      | Reached XP level 6. HP: 50/55 MP: 5/5
  3049 | D:4      | Reached skill level 4 in Unarmed Combat
  3085 | D:4      | Noticed an orc warrior
  3093 | D:4      | Killed an orc warrior
  3224 | D:4      | Found a sparkling altar of Nemelex Xobeh.
  3552 | D:4      | Found a bloodstained altar of Trog.
  3688 | D:5      | Entered Level 5 of the Dungeon
  3733 | D:5      | Reached XP level 7. HP: 62/62 MP: 6/6
  3756 | D:5      | Reached skill level 5 in Unarmed Combat
  3768 | D:5      | Reached skill level 5 in Throwing
  3773 | D:5      | Found a transporter.
  3775 | D:5      | Found a transporter.
  3775 | D:5      | Identified the +6 trident "Killer Klown's Curse" {venom,
                  | rCorr Str+4}
  3775 | D:5      | Identified the +3 ring mail of Duck's Teeth {rElec}
  3775 | D:5      | Identified the +0 buckler of Wisdom {Str+2 Dex+7}
  3893 | D:5      | Reached skill level 6 in Unarmed Combat
  3963 | D:5      | Noticed Grinder
  3971 | D:5      | Killed Grinder
  3972 | D:5      | Reached XP level 8. HP: 62/70 MP: 7/7
  4057 | D:5      | Reached skill level 7 in Unarmed Combat
  4116 | D:5      | Noticed hgbash's ghost (amateur GrEE)
  4326 | D:5      | Reached skill level 8 in Unarmed Combat
  4439 | D:5      | Found a shimmering blue altar of Sif Muna.
  4758 | D:5      | Reached skill level 9 in Unarmed Combat
  4758 | D:5      | Reached XP level 9. HP: 25/76 MP: 8/8
  4762 | D:5      | Demolished by a gnoll sergeant

Illustrated notes

Levels and vault maps discovered:
D:1:      psy_arrival_heroes, layout_basic, amcnicky_mini_rare_corridor_liquid
D:2:      layout_basic, basic_altar, minmay_close_crescents
D:3:      layout_loops_ring, lemuel_tele_altar, basic_ecumenical_altar
D:4:      minmay_angry_zag, layout_basic, trog_hazing_becter,
          nemelex_spade_bored_becter, minmay_temple_entry_mist,
          gammafunk_ghost_arena, minmay_manual_monstrance
D:5:      layout_rooms, kennysheep_orc_sif_temple,
          gammafunk_ghost_gnarly_gnolls, serial_undead, serial_undead_a,
          serial_undead_f, serial_undead_a, serial_undead_a,
          kennysheep_generic_room_11, uniq_grinder

Skill      XL: |  1  2  3  4  5  6  7  8 |
---------------+-------------------------+-----
Unarmed Combat | 1 2 3 4 6 9 |  9.0
Dodging        | 2 |  2.9
Stealth        | 1 |  1.7
Throwing       | 4 5 6 |  6.9
Fighting       | |  1.5

Action                   |  1- 3 |  4- 6 |  7- 9 || total
-------------------------+-------+-------+-------++-------
Melee: Unarmed           |   120 |   113 |   148 ||   381
       Punch             |     2 |       |     7 ||     9
Throw: Dart              |       |     4 |       ||     4
       Large rock        |       |     2 |     2 ||     4
Invok: Potion Petition   |       |       |     1 ||     1
  Use: Scroll            |       |     5 |     4 ||     9
 Stab: Sleeping          |     2 |     1 |       ||     3
       Distracted        |       |     1 |     2 ||     3
Armor: Robe              |    69 |    20 |    54 ||   143
Dodge: Dodged            |    83 |    48 |    53 ||   184
Block: Other             |       |     7 |    19 ||    26

Table legend: (Time is in decaauts)
 A = Elapsed time spent in this place.
 B = Non-inter-level travel time spent in this place.
 C = Inter-level travel time spent in this place.
 D = Time resting spent in this place.
 E = Time spent auto-exploring this place.
 F = Levels seen in this place.
 G = Mean time per level.
                   A        B        C        D        E       F      G
               +--------+--------+--------+--------+--------+-----+--------+
         Total |   4742 |   4607 |    135 |      3 |   3627 |   5 |  948.4 |
       Dungeon |   4742 |   4607 |    135 |      3 |   3627 |   5 |  948.4 |
               +--------+--------+--------+--------+--------+-----+--------+

Top non-repeatable levels by time:
     D:2: 1238 daAuts
     D:4: 1081 daAuts
     D:5: 1028 daAuts
     D:1: 796 daAuts
     D:3: 598 daAuts
